 Dungeon Crawl Stone Soup version 0.23.1 (webtiles) character file.

Game seed: 8001610125724210809

12516 misha the Basher (level 11, -2/102 HPs)
             Began as a Minotaur Fighter on Mar 3, 2019.
             Was an Elder of Okawaru.
             Killed from afar by an electric eel (9 damage)
             ... with a bolt of electricity
             ... on level 11 of the Dungeon.
             The game lasted 01:06:36 (15514 turns).

misha the Basher (Minotaur Fighter)                Turns: 15514, Time: 01:06:37

Health: -2/102     AC:  9    Str: 24    XL:     11   Next: 63%
Magic:  13/13      EV:  9    Int:  5    God:    Okawaru [****..]
Gold:   661        SH: 16    Dex: 10    Spells: 10/10 levels left

rFire    . . .     SeeInvis .   a - +0 flail
rCold    + + .     Gourm    .   c - +0 shield
rNeg     . . .     Faith    .   t - +2 ring mail {rC+}
rPois    .         Spirit   .   C - +0 hat
rElec    .         Reflect  +   n - +0 cloak
rCorr    .         Harm     .   (no gloves)
MR       .....                  (no boots)
Stlth    +.........             x - +4 amulet of reflection
HPRegen  0.27/turn              i - ring of stealth
MPRegen  0.13/turn              v - ring of protection from cold

@: no status effects
A: retaliatory headbutt, horns 2
a: Heroism, Renounce Religion


You were on level 11 of the Dungeon.
You worshipped Okawaru.
Okawaru was greatly pleased with you.
You were full.

You visited 2 branches of the dungeon, and saw 12 of its levels.

You collected 661 gold pieces.

Inventory:

Hand Weapons
 a - a +0 flail (weapon)
 b - a +0 hand axe of flaming
Missiles
 N - 4 throwing nets (quivered)
 T - 5 needles of sleeping
 U - 3 steel javelins
 V - 21 sling bullets
Armour
 c - a +0 shield (worn)
 n - a +0 cloak (worn)
 t - a +2 ring mail of cold resistance (worn)
 C - a +0 hat (worn)
 R - a +0 scale mail
 S - a +0 scale mail of poison resistance
Jewellery
 i - a ring of stealth (left hand)
 m - an uncursed ring of stealth
 q - an uncursed amulet of regeneration
 v - a ring of protection from cold (right hand)
 x - a +4 amulet of reflection (around neck)
 y - a cursed ring of teleportation {unknown}
 P - an uncursed ring of see invisible {unknown}
Wands
 A - a wand of acid (16)
 J - a wand of polymorph (7)
 K - a wand of digging (2)
 M - a wand of paralysis (18)
Scrolls
 e - 2 scrolls of blinking {unknown}
 g - 2 scrolls of enchant weapon {unknown}
 h - 5 scrolls of remove curse
 p - 4 scrolls of amnesia {unknown}
 r - 4 scrolls of teleportation {unknown}
 s - a scroll of fog {unknown}
 u - 3 scrolls of identify
 w - a scroll of magic mapping
 D - 5 scrolls of fear {unknown}
 E - a scroll of holy word {unknown}
 G - 3 scrolls of immolation {unknown}
 H - 3 scrolls of random uselessness {unknown}
 I - 2 scrolls of noise {unknown}
 O - a scroll of enchant armour {unknown}
Potions
 d - a potion of might
 j - 3 potions of curing
 k - a potion of brilliance
 l - 2 potions of resistance
 o - a potion of agility
 z - 2 potions of haste
 B - a potion of flight
 F - a potion of berserk rage {unknown}
 L - a potion of mutation {unknown}
 Q - a potion of degeneration {unknown}
 W - a potion of heal wounds
Comestibles
 f - 22 rations


   Skills:
 + Level 11.5 Fighting
 - Level 14.0 Maces & Flails
 + Level 2.3 Throwing
 - Level 3.8 Armour
 + Level 11.5 Shields
 - Level 5.0 Invocations


You had 10 spell levels left.
You didn't know any spells.
Your spell library contained the following spells:

 Spells                   Type           Power        Failure   Level  Hunger
 Animate Skeleton         Necr           N/A          77%         1    ##.....
 Apportation              Tloc           #.....       77%         1    ##.....
 Confusing Touch          Hex            #.....       77%         1    ##.....
 Summon Small Mammal      Summ           #...         77%         1    ##.....


Dungeon Overview and Level Annotations

Branches:
Dungeon (11/15)            Temple (1/1) D:6            Lair (0/6) D:10
    Orc (0/2) D:11

Altars:
Ashenzari
Cheibriados
Dithmenos
Elyvilon
Fedhas
Gozag
Hepliaklqana
Kikubaaqudgha
Makhleb
Nemelex Xobeh
Okawaru
Qazlal
Ru
Sif Muna
Trog
Uskayaw
Vehumet
Wu Jian
Xom
Yredelemnul
Zin
The Shining One


Innate Abilities, Weirdness & Mutations

You reflexively headbutt those who attack you in melee.
You have a pair of horns on your head.


Message History

* * * LOW HITPOINT WARNING * * *
You miss something. Something hits you but does no damage.
You thump something! Okawaru accepts your kill.
Reactivating autopickup.
Your base Throwing skill increases to level 2!
You feel a bit more experienced.
You thump the plant!
The plant is moderately damaged.
You thump the plant!
The plant is heavily damaged.
You hit the plant.
The plant is heavily damaged.
You enter the shallow water.
Moving in this stuff is going to be slow.
You see here a dagger.
You feel like a meek peon again.
The electric eel shoots out a bolt of lightning at you!
The bolt of electricity hits you!
You die...

#####...#.....#..[.........<..[..
#...##....'..................
#....#....#..................
#....#....#..................
#....#....#..................
#....######..(...............
#............................
#########......###########...
#.##≈≈. #...@..#....### #...
#..≈≈.###....###≈..P.## #...
.##.≈≈≈≈#......#≈≈P.##.###...
#...≈≈≈≈.....)..≈≈≈P..P.##...
....≈;≈≈#......#≈≈≈≈..##.#...
.#..≈≈.###....###.≈≈....##...
..#.≈≈≈≈#......#≈≈≈≈.##.##..)
....≈≈≈≈........≈≈≈..P.###...
#...≈≈≈≈#......#≈≈≈P....##...


You could see an electric eel.

Vanquished Creatures
  Harold (D:7)
  2 hydras
  A two-headed ogre (D:8)
  Nergalle (D:10)
  An unseen horror (D:11)
  A gargoyle (D:11)
  3 trolls
  A hippogriff (D:11)
  2 dream sheep (D:9)
  7 yaks (D:9)
  A hungry ghost (D:11)
  A warg (D:10)
  Menkaure (D:4)
  A water moccasin (D:7)
  4 porcupines (D:10)
  An ice beast (D:6)
  6 sky beasts
  4 orc warriors
  3 black bears
  A necrophage (D:10)
  A phantom (D:9)
  2 centaurs
  An eye of draining (D:10)
  4 ogres
  3 big kobolds (D:9)
  2 crocodiles (D:10)
  8 bullfrogs
  A gnoll sergeant (D:8)
  3 scorpions
  A wyvern skeleton (D:6)
  16 killer bees
  2 howler monkeys (D:7)
  2 electric eels (D:11)
  A centaur zombie (D:5)
  3 crimson imps
  5 hounds
  A bullfrog zombie (D:6)
  2 jellies
  3 orc priests
  3 bullfrog skeletons
  Terence (D:2)
  4 iguanas
  8 orc wizards
  7 worker ants
  A statue (D:4)
  2 killer bee zombies
  A hound zombie (D:11)
  A hound skeleton (D:6)
  4 gnolls
  A howler monkey skeleton (D:5)
  12 adders
  A shadow imp (D:6)
  4 oozes
  An adder skeleton (D:4)
  2 adder zombies
  A dart slug (D:5)
  4 leopard geckos
  31 orcs
  5 giant cockroaches
  7 goblins
  5 hobgoblins
  5 jackals
  5 kobolds
  4 quokkas
  2 ball pythons
  5 bats
  4 frilled lizards
  A leopard gecko skeleton (D:4)
  2 leopard gecko zombies
  11 rats
  A plant (D:11)
250 creatures vanquished.

Vanquished Creatures (others)
  A centaur (D:11)
  7 fungi (D:10)
  2 plants (D:11)
10 creatures vanquished.

Grand Total: 260 creatures vanquished

Notes
Turn   | Place    | Note
-------+----------+-------------------------------------------
     0 | D:1      | misha the Minotaur Fighter began the quest for the Orb.
     0 | D:1      | Reached XP level 1. HP: 19/19 MP: 0/0
   114 | D:1      | Reached XP level 2. HP: 27/27 MP: 1/1
   207 | D:1      | You fall through a shaft!
   209 | D:2      | Reached skill level 3 in Maces & Flails
   234 | D:2      | Reached XP level 3. HP: 27/33 MP: 2/2
   379 | D:2      | Noticed Terence
   396 | D:2      | Killed Terence
   621 | D:2      | Noticed a black bear
   629 | D:2      | Reached XP level 4. HP: 38/41 MP: 3/3
   674 | D:2      | Reached skill level 4 in Maces & Flails
   731 | D:1      | Killed a black bear
   731 | D:1      | Reached XP level 5. HP: 22/47 MP: 4/4
  1455 | D:2      | Found a burning altar of Makhleb.
  1477 | D:2      | Found an opulent altar of Gozag.
  1613 | D:2      | Reached skill level 5 in Maces & Flails
  1805 | D:3      | Found a faded altar of an unknown god.
  1864 | D:3      | Found a bloodstained altar of Trog.
  1974 | D:3      | Reached skill level 5 in Shields
  2132 | D:3      | Reached skill level 5 in Fighting
  2195 | D:4      | Noticed an ogre
  2205 | D:4      | Killed an ogre
  2205 | D:4      | Reached XP level 6. HP: 38/56 MP: 5/5
  2467 | D:4      | Noticed Menkaure
  2478 | D:4      | Killed Menkaure
  2478 | D:4      | Reached skill level 6 in Maces & Flails
  2569 | D:4      | Found a radiant altar of Vehumet.
  2839 | D:4      | Reached XP level 7. HP: 62/62 MP: 6/6
  3088 | D:5      | Entered Level 5 of the Dungeon
  3244 | D:5      | Reached skill level 7 in Maces & Flails
  3378 | D:5      | Found a hide-covered altar of Uskayaw.
  3641 | D:5      | Reached skill level 8 in Maces & Flails
  3826 | D:5      | Reached XP level 8. HP: 68/71 MP: 7/7
  4724 | D:6      | Reached skill level 9 in Maces & Flails
  4728 | D:6      | Found a staircase to the Ecumenical Temple.
  4739 | Temple   | Entered the Ecumenical Temple
  5560 | D:6      | Found a glowing silver altar of Zin.
  5564 | D:6      | Found a shattered altar of Ashenzari.
  5818 | D:7      | Found an iron altar of Okawaru.
  5853 | D:7      | Became a worshipper of Warmaster Okawaru
  6095 | D:7      | Found an ornate altar of the Wu Jian Council.
  6150 | D:7      | Reached skill level 10 in Maces & Flails
  6197 | D:7      | Noticed Harold
  6203 | D:7      | Reached XP level 9. HP: 47/81 MP: 8/8
  6232 | D:7      | HP: 2/81 [Harold/+0 halberd (13)]
  6244 | D:7      | Killed Harold
  6244 | D:7      | Reached * piety under Okawaru
  6244 | D:7      | Reached skill level 11 in Maces & Flails
  6871 | D:7      | Reached ** piety under Okawaru
  7348 | D:8      | Reached skill level 1 in Invocations
  7392 | D:8      | Noticed a two-headed ogre
  7409 | D:8      | Killed a two-headed ogre
  7409 | D:8      | Reached XP level 10. HP: 48/91 MP: 10/10
  7740 | D:8      | Reached skill level 12 in Maces & Flails
  7861 | D:8      | Reached *** piety under Okawaru
  9119 | D:9      | Received a gift from Okawaru
  9372 | D:9      | Noticed a two-headed hydra
  9382 | D:9      | Killed a two-headed hydra
  9382 | D:9      | Reached **** piety under Okawaru
  9382 | D:9      | Reached skill level 10 in Fighting
  9382 | D:9      | Reached skill level 13 in Maces & Flails
  9382 | D:9      | Reached skill level 10 in Shields
  9486 | D:9      | Received a gift from Okawaru
 10090 | D:9      | Reached XP level 11. HP: 87/101 MP: 13/13
 10350 | D:10     | Entered Level 10 of the Dungeon
 10461 | D:10     | Reached ***** piety under Okawaru
 10919 | D:10     | Received a gift from Okawaru
 10924 | D:10     | Found a staircase to the Lair.
 11596 | D:10     | Reached skill level 5 in Invocations
 11894 | D:10     | Noticed Nergalle
 11912 | D:10     | Killed Nergalle
 12444 | D:10     | Reached skill level 14 in Maces & Flails
 12691 | D:11     | Noticed a four-headed hydra
 12714 | D:11     | Killed a one-headed hydra
 13865 | D:11     | Reached skill level 1 in Throwing
 13884 | D:11     | Found a staircase to the Orcish Mines.
 14795 | D:11     | Found a snail-covered altar of Cheibriados.
 15494 | D:11     | HP: 5/102 [something (3)]
 15496 | D:11     | HP: 2/102 [something (3)]
 15498 | D:11     | Killed an unseen horror
 15514 | D:11     | Killed from afar by an electric eel

Skill      XL: |  1  2  3  4  5  6  7  8  9 10 11 |
---------------+----------------------------------+-----
Maces & Flails | 3 4 5 6 8 10 11 13 14 | 14.0
Fighting       | 4 5 6 8 9 10 11 | 11.5
Shields        | 4 5 6 7 9 10 11 | 11.5
Invocations    | 2 4 5 |  5.0
Throwing       | 2 |  2.3
Armour         | |  3.8

Action                   |  1- 3 |  4- 6 |  7- 9 | 10-12 || total
-------------------------+-------+-------+-------+-------++-------
Melee: Flail             |    70 |    93 |   316 |   447 ||   926
       Headbutt          |    13 |    18 |    69 |   102 ||   202
       Hand axe          |       |       |       |    11 ||    11
Throw: Javelin           |       |       |       |     4 ||     4
Invok: Heroism           |       |       |       |     4 ||     4
  Use: Scroll            |       |     5 |     4 |       ||     9
       Potion            |       |       |     1 |       ||     1
 Stab: Sleeping          |       |     8 |     1 |     2 ||    11
       Distracted        |       |     2 |       |       ||     2
  Eat: Chunk             |       |     5 |    12 |     4 ||    21
       Ration            |       |       |     1 |     9 ||    10
Armor: Scale mail        |    24 |    23 |       |       ||    47
       Ring mail         |       |    11 |    77 |   105 ||   193
Dodge: Dodged            |    24 |    28 |    72 |    96 ||   220
Block: Shield            |    40 |    54 |   217 |   339 ||   650
       Reflection        |       |       |     3 |     5 ||     8
